 Dungeon Crawl Stone Soup version 0.29.0-13-gc9e81de378 (webtiles) character file.

Game seed: 6877712410278125542

44 xian the Sneak (level 3, -2/33 HPs)
             Began as a Minotaur Delver on Sept 11, 2022.
             Slain by an orc
             ... wielding a +0 war axe
              (7 damage)
             ... on level 3 of the Dungeon.
             The game lasted 00:03:47 (637 turns).

xian the Sneak (Minotaur Delver)                     Turns: 637, Time: 00:03:48

Health: -2/33      AC:  3    Str: 18    XL:     3   Next: 39%
Magic:  2/2        EV: 12    Int:  7    God:
Gold:   44         SH:  0    Dex: 11    Spells: 2/2 levels left

rFire   . . .      SeeInvis .   a - +0 mace
rCold   . . .      Faith    .   (no shield)
rNeg    . . .      Spirit   .   b - +0 leather armour
rPois   .          Reflect  .   (helmet restricted)
rElec   .          Harm     .   (no cloak)
rCorr   .          Rampage  .   (no gloves)
Will    .....                   (no boots)
Stlth   ++........              (no amulet)
HPRegen 0.11/turn               (no ring)
MPRegen 0.08/turn               (no ring)

@: hasted, very quick
A: horns 2, retaliatory headbutt
a: no special abilities


You were on level 3 of the Dungeon.
You visited 1 branch of the dungeon, and saw 3 of its levels.

You collected 44 gold pieces.

Inventory:

Hand Weapons
 a - a +0 mace (weapon)
Armour
 b - a +0 leather armour (worn)
Wands
 g - a wand of digging (3)
Scrolls
 d - a scroll of magic mapping
 e - 2 scrolls of teleportation {unknown}
 i - a scroll of identify {unknown}
 k - a scroll of enchant weapon {unknown}
Potions
 j - a potion of heal wounds {unknown}


   Skills:
 + Level 3.9 Fighting
 + Level 2.6 Maces & Flails
 + Level 0.4 Armour
 + Level 2.2 Dodging
 + Level 4.9 Stealth


You had 2 spell levels left.
You didn't know any spells.
Your spell library contained the following spells:

 Spells                   Type           Power      Damage    Failure   Level
 Sting                    Tmut/Pois      0%         1d3       50%         1
 Poisonous Vapours        Pois/Air       0%         N/A       63%         2
 Olgreb's Toxic Radiance  Pois           0%         N/A       99%         4


Dungeon Overview and Level Annotations

Branches:
Dungeon (5/15)
 Temple: D:4-7

Altars:
Cheibriados
Qazlal

Annotations:
D:3 Natasha


Innate Abilities, Weirdness & Mutations

You have a pair of horns on your head.
You reflexively headbutt those who attack you in melee.


Message History

You hit the bat.
You kill the bat!
e - 2 scrolls labelled WUPRO ROJU (gained 1)
A gnoll comes into view. It is wielding a +0 spear.
Found a hand axe.
A gnoll comes into view. It is wielding a +0 spear.
Found a stormy altar of Qazlal.
A gnoll comes into view. It is wielding a +0 flail.
The gnoll throws a stone.
The stone hits you.
A gnoll comes into view. It is wielding a +0 flail.
An orc comes into view. It is wielding a +0 war axe.
The orc shouts!
You hear a shout!
The gnoll throws a stone.
The stone hits you but does no damage.
You throw a poisoned dart.
The poisoned dart closely misses the gnoll.
The gnoll misses you.
You throw a poisoned dart. The poisoned dart hits the gnoll.
The gnoll is poisoned.
The gnoll closely misses you.
You throw a poisoned dart. The poisoned dart hits the gnoll.
The gnoll looks even sicker.
The gnoll is lightly wounded.
The gnoll hits you from afar with a +0 spear!
The gnoll barely misses you.
You hit the gnoll.
The gnoll is heavily wounded.
The gnoll hits you with a +0 spear! The orc hits you but does no damage.
You barely miss the gnoll.
The gnoll is heavily wounded.
The orc hits you with a +0 war axe. The gnoll barely misses you.
Unknown command.
The gnoll hits you but does no damage. The gnoll attacks as you move away!
The gnoll misses you. The orc attacks as you move away!
The orc barely misses you.
The gnoll hits you from afar with a +0 spear.
* * * LOW HITPOINT WARNING * * *
An orc comes into view. It is wielding a +2 dagger of venom.
You feel yourself speed up. The orc hits you but does no damage.
As you read the scroll of fog, it crumbles to dust.
The scroll dissolves into smoke.
The orc hits you with a +0 war axe!
You die...

##.#..# #.# ##.#.#
#.# #.#.# #.#
#.#.###.###
#.#........
#.#.###.###
#....##§#
###..##§#########
#.go@§§........
####.g##§§........
#...g...§§.#######
#.##..####.### #
#.(##.....#
#..##.....##
#...........#
#..##.....#o#
#.(...........


You could see 3 gnolls and an orc.

Vanquished Creatures
  Natasha (D:3)
  An adder (D:3)
  A dart slug (D:4)
  2 jackals (D:3)
  2 kobolds (D:4)
  A bat (D:3)
  A frilled lizard (D:3)
9 creatures vanquished.

Notes
Turn   | Place    | Note
-------+----------+-------------------------------------------
     0 | D:5      | xian the Minotaur Delver began the quest for the Orb.
     0 | D:5      | Reached XP level 1. HP: 19/19 MP: 0/0
    41 | D:5      | Found a snail-covered altar of Cheibriados.
    41 | D:5      | Noticed an iron imp
    70 | D:5      | Noticed a water moccasin
   252 | D:3      | Noticed Natasha
   258 | D:3      | Noticed an iron imp
   262 | D:3      | Noticed a crimson imp
   278 | D:3      | Killed Natasha
   279 | D:3      | Reached XP level 2. HP: 5/27 MP: 1/1
   279 | D:3      | Reached XP level 3. HP: 7/33 MP: 2/2
   342 | D:3      | Noticed Natasha
   616 | D:3      | Found a stormy altar of Qazlal.
   637 | D:3      | Slain by an orc

Illustrated notes

Levels and vault maps discovered:
D:3:      layout_loops_ring, nicolae_qazlal_scattered_showers, uniq_natasha
D:4:      kennysheep_goblin_castle, layout_basic, nicolae_wu_jian_wuxing_cycle,
          temple_green
D:5:      layout_basic, mainiacjoe_overflow_catwalk, makhleb_heckhound_becter,
          slow_altar_2

Action                   || total
-------------------------++-------
Melee: Mace              ||    17
       Headbutt          ||     3
Throw: Dart              ||     8
  Use: Scroll            ||     2
       Potion            ||     1
 Stab: Sleeping          ||     1
Armor: Leather armour    ||     5
Dodge: Dodged            ||    14
